 Dungeon Crawl Stone Soup version 0.24.1-14-gf8d2b509d9 (webtiles) character file.

Game seed: 1354708740697624237, levelgen mode: deterministic

32 Delver the Caller (level 3, 0/19 HPs)
             Began as a Deep Elf Summoner on May 31, 2020.
             Was an Initiate of Elyvilon.
             Slain by a white imp (2 damage)
             ... summoned by the player character
             ... on level 2 of the Dungeon.
             The game lasted 00:19:14 (1394 turns).

Delver the Caller (Deep Elf Summoner)               Turns: 1394, Time: 00:19:16

Health: 0/19       AC:  2    Str:  4 (6)  XL:     3   Next: 10%
Magic:  9/9        EV: 13    Int: 22 (24) God:    Elyvilon [......]
Gold:   55         SH:  0    Dex: 13 (15) Spells: 0/8 levels left

rFire    . . .     SeeInvis .   b - +0 hand axe
rCold    . . .     Gourm    .   (no shield)
rNeg     . . .     Faith    .   a - +0 robe
rPois    .         Spirit   .   (no helmet)
rElec    .         Reflect  .   (no cloak)
rCorr    .         Harm     .   (no gloves)
MR       .....                  (no boots)
Stlth    ++........             (no amulet)
HPRegen  0.06/turn              (no ring)
MPRegen  0.11/turn              (no ring)

@: brilliant
A: no striking features
a: Renounce Religion


You were on level 2 of the Dungeon.
You worshipped Elyvilon.
Elyvilon was noncommittal.
You were hungry.

You visited 1 branch of the dungeon, and saw 2 of its levels.

You collected 55 gold pieces.

Inventory:

Hand Weapons
 b - a +0 hand axe (weapon)
 i - a +0 club
Missiles
 j - 67 stones (quivered)
Armour
 a - a +0 robe (worn)
 g - a +0 ring mail
 h - a +0 chain mail
Comestibles
 c - 2 rations


   Skills:
 + Level 0.4 Axes
 + Level 2.5 Dodging
 + Level 2.6 Stealth
 + Level 3.2 Spellcasting
 + Level 5.2 Summonings


You couldn't memorise any spells.
You knew the following spells:

 Your Spells              Type           Power        Failure   Level  Hunger
a - Summon Small Mammal   Summ           ####         1%          1    None
b - Call Imp              Summ           #####...     1%          2    ##.....
c - Summon Guardian Gole  Hex/Summ       ####....     1%          3    ###....
d - Blink                 Tloc           N/A          2%          2    ##.....

Your spell library contained the following spells:

 Spells                   Type           Power        Failure   Level  Hunger
 Call Canine Familiar     Summ           #####...     1%          3    ###....
 Shroud of Golubria       Chrm/Tloc      ###...       2%          2    ##.....
 Gell's Gravitas          Tloc           ###.......   4%          3    ###....
 Lesser Beckoning         Tloc           ###.......   4%          3    ###....
 Teleport Other           Tloc           ###.....     4%          3    ###....
 Summon Ice Beast         Ice/Summ       ####....     4%          4    ####...
 Summon Lightning Spire   Summ/Air       ####....     4%          4    ####...
 Passage of Golubria      Tloc           N/A          13%         4    ####...


Dungeon Overview and Level Annotations

Branches:
Dungeon (2/15)

Altars:
Elyvilon
Qazlal
Yredelemnul


Message History

There was something very wrong with that liquid.
You feel weakened.
You feel dopey.
You feel clumsy. The white imp hits you. The white imp freezes you.
* * * LOW HITPOINT WARNING * * *
The crimson imp blinks!
You barely miss the white imp.
The crimson imp disappears in a puff of smoke!
The white imp hits you.
* * * LOW HITPOINT WARNING * * *
The white imp freezes you. Elyvilon protects you from harm!
You hit the white imp.
The white imp is lightly wounded.
The white imp gestures at you. The puff of frost hits you!
Elyvilon protects you from harm!
You closely miss the white imp.
The white imp is lightly wounded.
The white imp hits you.
You die...

####.. ..... .... ..
... #.# ##.. #.#
####..# #.#
###.....###.######
#@#####...........
##5##<..÷..........
##...#####..........
#§.#..# ####..#.###
#.###.#######....#
##.###.#.......##.#
##..._#.##......##.#
#_....#..'.##...##.#
##..._#.##5...####.#


You could see a white imp.

Vanquished Creatures
  An adder (D:2)
  A dart slug (D:1)
  A bat (D:1)
  2 giant cockroaches (D:1)
  A hobgoblin (D:1)
  3 rats (D:1)
9 creatures vanquished.

Vanquished Creatures (collateral kills)
  A worm (D:2)
  3 leopard geckos (D:1)
  A ball python (D:2)
  A giant cockroach (D:1)
  2 goblins (D:1)
  4 hobgoblins
  A kobold (D:2)
  3 bats
  2 frilled lizards (D:1)
18 creatures vanquished.

Grand Total: 27 creatures vanquished

Notes
Turn   | Place    | Note
-------+----------+-------------------------------------------
     0 | D:1      | Delver the Deep Elf Summoner began the quest for the Orb.
     0 | D:1      | Reached XP level 1. HP: 10/10 MP: 6/6
   411 | D:1      | Reached XP level 2. HP: 15/15 MP: 4/8
   420 | D:1      | Learned a level 2 spell: Call Imp
   496 | D:1      | Reached skill level 5 in Summonings
  1081 | D:2      | Reached XP level 3. HP: 10/19 MP: 0/9
  1086 | D:2      | Learned a level 3 spell: Summon Guardian Golem
  1089 | D:2      | Learned a level 2 spell: Blink
  1304 | D:2      | Found a basalt altar of Yredelemnul.
  1304 | D:2      | Found a white marble altar of Elyvilon.
  1309 | D:2      | Found a faded altar of an unknown god.
  1342 | D:2      | Found a faded altar of an unknown god.
  1343 | D:2      | Found a stormy altar of Qazlal.
  1387 | D:2      | Became a worshipper of Elyvilon the Healer
  1392 | D:2      | Elyvilon protects you from harm!
  1393 | D:2      | Elyvilon protects you from harm!
  1394 | D:2      | Slain by a white imp

Levels and vault maps discovered:
D:1:      kennysheep_arrival_forest, layout_basic
D:2:      layout_rooms, lemuel_blue_sif_altar,
          chequers_temple_overflow_minitemple, tgw_trog, first_ration,
          uniq_terence, uniq_sigmund

Skill      XL: |  1  2 |
---------------+-------+-----
Summonings     | 5 |  5.2
Axes           | |  0.4
Dodging        | |  2.5
Stealth        | |  2.6
Spellcasting   | |  3.2

Action                   || total
-------------------------++-------
Melee: Hand axe          ||    41
Throw: Stone             ||     9
 Cast: Summon Small Mamm ||    28
       Call Imp          ||    13
  Use: Potion            ||     3
 Stab: Sleeping          ||     1
  Eat: Chunk             ||     1
Armor: Robe              ||     7
Dodge: Dodged            ||    38
